 Dungeon Crawl Stone Soup version 0.22-a0-348-gd16d139 (webtiles) character file.

3374 Amnesiac the Ducker (level 9, 0/54 (57) HPs)
             Began as a Deep Elf Fighter on Apr 11, 2018.
             Was a Believer of Okawaru.
             Slain by an orc warrior
             ... wielding a +0 glaive
              (24 damage)
             ... on level 7 of the Dungeon.
             The game lasted 00:15:14 (8977 turns).

Amnesiac the Ducker (Deep Elf Fighter)              Turns: 8977, Time: 00:15:15

HP:   0/54 (57)     AC: 11    Str: 16    XL:     9   Next: 74%
MP:   11/11         EV: 13    Int: 16    God:    Okawaru [**....]
Gold: 405           SH:  8    Dex: 14    Spells: 6/8 levels left

rFire    . . .     SeeInvis +   a - +1 rapier (venom)
rCold    . . .     Gourm    .   c - +0 shield
rNeg     . . .     Faith    .   j - +0 scale mail
rPois    .         Spirit   .   m - +0 helmet
rElec    .         Reflect  .   (no cloak)
rCorr    .         Harm     .   (no gloves)
MR       .....                  (no boots)
Stlth    ..........             (no amulet)
HPRegen  0.18/turn              D - +3 ring of evasion
MPRegen  0.12/turn              B - ring of see invisible

@: drained
A: slimy green scales 1, blurry vision 1, clever 1, MP-powered wands
a: Heroism, Renounce Religion


You were on level 7 of the Dungeon.
You worshipped Okawaru.
Okawaru was pleased with you.
You were hungry.

You visited 2 branches of the dungeon, and saw 9 of its levels.
You also visited: Sewer.

You collected 405 gold pieces.

Inventory:

Hand Weapons
 a - a +1 rapier of venom (weapon)
 b - a +0 hand crossbow
 w - a +1 hunting sling
 x - a +0 long sword
 J - a +0 shortbow
Missiles
 h - 50 arrows
 r - 176 stones (quivered)
 C - 9 bolts
 E - 27 poisoned needles
 H - 34 sling bullets
Armour
 c - a +0 shield (worn)
 j - a +0 scale mail (worn)
 m - a +0 helmet (worn)
 N - a +0 pair of boots
Jewellery
 B - a ring of see invisible (right hand)
 D - a +3 ring of evasion (left hand)
 G - an uncursed amulet of harm {unknown}
Wands
 n - a wand of paralysis (8)
 p - a wand of clouds (4)
 u - a wand of iceblast (11)
 A - a wand of scattershot (6)
Scrolls
 e - a scroll of remove curse {!r}
 l - a scroll of magic mapping {!r}
 q - 5 scrolls of amnesia {!r, unknown}
 t - a scroll of vulnerability {!r, unknown}
 y - 8 scrolls of identify {!r}
 F - a scroll of fear {!r, unknown}
 M - a scroll of teleportation {!r, unknown}
Potions
 d - a potion of might {!q}
 g - 2 potions of flight {!q, unknown}
 i - a potion of haste {!q, unknown}
 k - 4 potions of curing {!q}
 o - 3 potions of brilliance {!q}
 s - a potion of resistance {!q}
 v - 4 potions of magic {!q}
 z - a potion of lignification {!q}
 I - a potion of heal wounds {!q}
 K - a potion of agility {!q, unknown}
Comestibles
 f - 14 rations


   Skills:
 - Level 7.0(6.7) Fighting
 - Level 2.0(1.8) Long Blades
 * Level 6.2(6.0) Bows
 - Level 7.0(6.7) Armour
 - Level 7.1(6.8) Dodging
 - Level 2.4(2.2) Shields


You had 6 spell levels left.
You knew the following spells:

 Your Spells              Type           Power        Failure   Level  Hunger
a - Sticks to Snakes      Tmut           #.......     99%         2    ###....


Dungeon Overview and Level Annotations

Branches:
Dungeon (8/15)             Temple (1/1) D:6
   Lair: D:8-11

Altars:
Ashenzari
Cheibriados
Dithmenos
Elyvilon
Fedhas
Gozag
Hepliaklqana
Kikubaaqudgha
Makhleb
Nemelex Xobeh
Okawaru
Ru
Sif Muna
Trog
Uskayaw
Vehumet
Wu Jian
Xom
Yredelemnul
Zin
The Shining One

Annotations:
D:5 Edmund


Innate Abilities, Weirdness & Mutations

You are partially covered in slimy green scales. (AC +2)
Scrolls take you a little longer to read.
Your mind is acute. (Int +2)
You expend magic power (3 MP) to strengthen your wands.


Message History

You hear a shout!
Firing (i - inventory. (/) - cycle)
C - 12 bolts (quivered)
Press: ? - help, Shift-Dir - straight line, f/p - orc warrior
Aim: an orc warrior, wielding a glaive and wearing a plate armour You shoot a bolt.
The bolt hits the orc warrior.
The orc warrior is lightly wounded.
Firing (i - inventory. (/) - cycle)
C - 11 bolts (quivered)
Press: ? - help, Shift-Dir - straight line, f/p - orc warrior
Aim: an orc warrior, wielding a glaive and wearing a plate armour (lightly wounded)
You shoot a bolt.
The bolt closely misses the orc warrior.
The bolt hits the orc!
You kill the orc!
Okawaru accepts your kill.
An orc wizard comes into view. It is wielding a dagger.
Firing (i - inventory. (/) - cycle)
C - 10 bolts (quivered)
Press: ? - help, Shift-Dir - straight line, f/p - orc warrior
Aim: an orc warrior, wielding a glaive and wearing a plate armour (lightly wounded)
You shoot a bolt. The orc wizard shouts!
The bolt hits the orc warrior but does no damage.
The orc warrior is lightly wounded.
You hear an angry hiss.
A wyvern comes into view.
The orc warrior barely misses you.
There is a stone staircase leading up here.
The orc wizard shouts!
The orc wizard mumbles some strange words.
The orc wizard seems to speed up.
You climb upwards.
There is a stone staircase leading down here.
Your +1 rapier of venom begins to drip with poison!
a - a +1 rapier of venom (weapon)
The orc warrior barely misses you.
You hit the orc warrior.
The orc warrior is moderately wounded.
You block the orc warrior's attack.
You closely miss the orc warrior.
The orc warrior is moderately wounded.
You block the orc warrior's attack.
You hit the orc warrior but do no damage.
The orc warrior is poisoned.
The orc warrior is moderately wounded.
The orc warrior hits you with a glaive!
You hit the orc warrior.
The orc warrior is moderately wounded.
The orc warrior barely misses you.
You hit the orc warrior.
The orc warrior is heavily wounded.
The orc warrior barely misses you.
You closely miss the orc warrior.
The orc warrior is heavily wounded.
You block the orc warrior's attack.
You closely miss the orc warrior.
The orc warrior is heavily wounded.
The orc warrior completely misses you.
The orc warrior looks more healthy.
You are feeling hungry.
The orc warrior hits you with a glaive!!
* * * LOW HITPOINT WARNING * * *
You hit the orc warrior.
The orc warrior is severely wounded.
The orc warrior hits you with a glaive!!
You die...

##############
#............#
##.##########># ##...## #.#
#.....##### #.#
###.........## #o##########
........##...###@...[.....#
.................#######..##
#####.####....##.# #P..≈.P#
# #.# ##§#.#..# ##.≈≈≈≈.#
#.#####...§.§###...≈≈≈.#
#...z[..§§§§§.....≈≈≈≈.#
#.######§§§§.##.#P≈≈≈..# #.#
#§§§§......PP≈P.# #.#
#§§§.§...#####.##


You could see an orc warrior.

Vanquished Creatures
  Grinder (D:3)
  Sigmund (D:5)
  Menkaure (D:6)
  Duvessa (D:4)
  3 orc warriors
  2 necrophages (D:7)
  3 sky beasts
  A phantom (D:5)
  5 ogres
  A crocodile (Sewer)
  A centaur (D:7)
  6 bullfrogs
  Dowan (D:4)
  A scorpion (D:7)
  3 wights (D:7)
  A crimson imp (D:6)
  3 hounds
  A jelly (D:6)
  5 orc wizards
  An orc priest (D:6)
  2 bullfrog skeletons (D:4)
  Ijyb (D:5)
  3 worker ants
  A hound zombie (D:7)
  A hound skeleton (D:5)
  3 mummies (D:7)
  A worker ant zombie (D:6)
  9 adders
  An adder zombie (D:5)
  3 adder skeletons
  5 worms
  2 dart slugs
  3 leopard geckos
  19 orcs
  3 ball pythons
  10 goblins
  13 hobgoblins
  17 jackals
  A quokka (D:6)
  5 bats
  5 frilled lizards
  8 kobolds
  A quokka skeleton (D:4)
  3 quokka zombies
  9 rats
171 creatures vanquished.

Notes
Turn   | Place    | Note
-------+----------+-------------------------------------------
     0 | D:1      | Amnesiac the Deep Elf Fighter began the quest for the Orb.
     0 | D:1      | Reached XP level 1. HP: 13/13 MP: 3/3
    67 | D:1      | Reached skill level 1 in Dodging
    73 | D:1      | Reached XP level 2. HP: 11/18 MP: 4/4
   745 | D:1      | Reached XP level 3. HP: 22/22 MP: 5/5
  1257 | D:2      | Found a glowing golden altar of the Shining One.
  1266 | D:2      | Found a basalt altar of Yredelemnul.
  1268 | D:2      | Noticed a profane servitor
  1528 | D:2      | Reached XP level 4. HP: 25/27 MP: 6/6
  1961 | D:2      | Found a burning altar of Makhleb.
  2525 | D:2      | Noticed an angel
  2554 | D:3      | Found an ornate altar of the Wu Jian Council.
  2834 | D:3      | Reached XP level 5. HP: 26/32 MP: 7/7
  2975 | D:3      | Noticed Grinder
  3083 | D:4      | Noticed an ogre
  3092 | D:4      | Killed an ogre
  3221 | D:4      | Found a glowing drain.
  3229 | D:4      | Noticed Duvessa
  3230 | D:4      | Noticed Dowan
  3237 | Sewer    | Entered a sewer
  3458 | Sewer    | Noticed a crocodile
  3468 | Sewer    | Killed a crocodile
  3468 | Sewer    | Reached XP level 6. HP: 38/38 MP: 8/8
  3615 | D:4      | Killed Duvessa
  3624 | D:4      | Killed Dowan
  3853 | D:3      | Paralysed by Grinder for 6 turns
  3864 | D:3      | Gained mutation: Scrolls take you a little longer to read. [potion of mutation]
  3864 | D:3      | Gained mutation: You are partially covered in slimy green scales. (AC +2) [potion of mutation]
  3864 | D:3      | Gained mutation: You expend magic power (3 MP) to strengthen your wands. [potion of mutation]
  3864 | D:3      | Gained mutation: Your mind is acute. (Int +2) [potion of mutation]
  4189 | D:3      | Paralysed by Grinder for 5 turns
  4208 | D:3      | Killed Grinder
  4208 | D:3      | Reached XP level 7. HP: 35/44 MP: 9/9
  4638 | D:4      | Reached skill level 5 in Armour
  4772 | D:4      | Reached skill level 5 in Fighting
  4772 | D:4      | Reached skill level 5 in Dodging
  5079 | D:4      | Learned a level 2 spell: Sticks to Snakes
  5093 | D:5      | Entered Level 5 of the Dungeon
  5152 | D:5      | Noticed Ijyb
  5166 | D:5      | Killed Ijyb
  5257 | D:5      | Noticed Edmund
  5316 | D:5      | Noticed Sigmund
  5329 | D:5      | Killed Sigmund
  5329 | D:5      | Reached XP level 8. HP: 47/50 MP: 10/10
  6275 | D:6      | Found a staircase to the Ecumenical Temple.
  6289 | Temple   | Entered the Ecumenical Temple
  6305 | Temple   | Became a worshipper of Warmaster Okawaru
  6570 | D:6      | Noticed Menkaure
  6810 | D:6      | Killed Menkaure
  6912 | D:6      | Reached * piety under Okawaru
  7019 | D:6      | Reached XP level 9. HP: 56/56 MP: 11/11
  7197 | D:6      | Found a sacrificial altar of Ru.
  7807 | D:7      | Reached skill level 1 in Bows
  7829 | D:7      | Found a hide-covered altar of Uskayaw.
  7986 | D:7      | Reached ** piety under Okawaru
  8223 | D:7      | Found a radiant altar of Vehumet.
  8230 | D:7      | Found a glowing silver altar of Zin.
  8468 | D:7      | Reached skill level 5 in Bows
  8977 | D:7      | Slain by an orc warrior

Vault maps used:
D:1:      nzn_arrival_settlement, minmay_misc_feat_tiny
D:2:      minmay_wonky_spiral, grunt_temple_overflow_holy_war,
          makhleb_blood_cavern_becter, first_ration, minmay_hexomino_c4
D:3:      lemuel_doored_altar, st_stairs_3, uniq_grinder
D:4:      cheibrodos_sewer_entry_drain, kennysheep_generic_room_7, uniq_duvessa
D:5:      uniq_edmund, uniq_ijyb, uniq_sigmund
D:6:      wad_pebble_path, nicolae_ru_path_of_blood,
          minmay_temple_entry_glassed_door, minmay_misc_feat_square,
          hangedman_minor_gate_pass, uniq_menkaure
D:7:      grunt_temple_overflow_open, eat_drink_and_be_merry_uskayaw,
          serial_undead, serial_undead_b, serial_undead_d, serial_undead_a,
          serial_undead_f
D:8:      wad_woods_minihive, kennysheep_little_box
Temple:   oiseaux_autumnal_temple
Sewer:    sewer_the_crocodile

Skill      XL: |  1  2  3  4  5  6  7  8  9 |
---------------+----------------------------+-----
Long Blades    | 2 |  2.0
Dodging        | 1 2 3 4 5 6 7 |  7.1
Fighting       | 3 4 5 6 7 |  7.0
Armour         | 3 4 5 6 7 |  7.0
Bows           | 6 |  6.2
Shields        | |  2.4

Action                   |  1- 3 |  4- 6 |  7- 9 || total
-------------------------+-------+-------+-------++-------
Melee: Long sword        |   141 |   152 |     8 ||   301
       Unarmed           |       |    28 |       ||    28
       Rapier            |       |       |    98 ||    98
 Fire: Hunting sling     |       |    82 |   209 ||   291
       Hand crossbow     |       |    13 |   176 ||   189
Throw: Stone             |       |       |    16 ||    16
Evoke: Wand              |       |     1 |     3 ||     4
  Use: Scroll            |       |    11 |     1 ||    12
       Potion            |       |     8 |       ||     8
 Stab: Paralysed         |       |       |     5 ||     5
  Eat: Chunk             |     2 |     9 |    15 ||    26
Armor: Scale mail        |    54 |   105 |   126 ||   285
       Skin              |       |    21 |       ||    21
Dodge: Dodged            |    41 |   111 |   188 ||   340
Block: Shield            |    66 |   130 |   181 ||   377
       Rpst.: Long sword |    18 |    24 |       ||    42

Table legend:
 A = Spawn XP
 B = Non-spawn XP
 C = Spawn XP percentage of total XP
 D = Spawn monster count
 E = Non-spawn monster count
 F = Spawn count percentage of total count
 G = Total turns spent on level
                    A         B        C        D         E        F      G
               +---------+---------+-------+---------+---------+-------+---------
         Total |       0 |    4820 |   0.0 |       0 |     171 |   0.0 |  8977
               +---------+---------+-------+---------+---------+-------+---------
           D:1 |       0 |      41 |   0.0 |       0 |      24 |   0.0 |  1001
           D:2 |       0 |     134 |   0.0 |       0 |      31 |   0.0 |  1779
           D:3 |       0 |     324 |   0.0 |       0 |      18 |   0.0 |   932
           D:4 |       0 |     769 |   0.0 |       0 |      17 |   0.0 |  1107
           D:5 |       0 |     435 |   0.0 |       0 |      12 |   0.0 |  1027
           D:6 |       0 |     990 |   0.0 |       0 |      27 |   0.0 |  1053
           D:7 |       0 |    1734 |   0.0 |       0 |      32 |   0.0 |  1276
           D:8 |       0 |       3 |   0.0 |       0 |       1 |   0.0 |    18
        Temple |       0 |     272 |   0.0 |       0 |       3 |   0.0 |   440
         Sewer |       0 |     118 |   0.0 |       0 |       6 |   0.0 |   344
               +---------+---------+-------+---------+---------+-------+---------
